 Dungeon Crawl Stone Soup version 0.20.1-1-g8b1a95d (webtiles) character file.

61058 rezek the Unseen (level 15, -3/97 HPs)
             Began as a Kobold Berserker on July 18, 2017.
             Was a High Priest of Trog.
             Killed from afar by a fire dragon (43 damage)
             ... with a blast of flame
             ... on level 6 of the Lair of Beasts.
             The game lasted 01:51:28 (24453 turns).

rezek the Unseen (Kobold Berserker)                Turns: 24453, Time: 01:51:30

Health: -3/97      AC: 15    Str: 17 (19) XL:     15   Next: 40%
Magic:  0/23       EV: 26    Int:  8 (9)  God:    Trog [*****.]
Gold:   833        SH:  0    Dex: 25      Spells: 14/14 levels left

rFire    . . .     SeeInvis .   z - +4 Vampire's Tooth {vamp}
rCold    + . .     Gourm    .   (shield restricted)
rNeg     . . .     Faith    .   L - +4 ring mail {rF+}
rPois    +         Spirit   +   b - +0 helmet
rElec    .         Reflect  .   x - +0 cloak
rCorr    .         Harm     .   P - +1 pair of gloves
MR       ++++.                  l - +1 pair of boots
Stlth    +++++++...             N - amulet of guardian spirit
Regen    1.3/turn               U - ring "Saot" {Ice MR+ Str+5 Dex+4}
MPRegen  0.2/turn               w - ring of poison resistance

@: berserk cooldown, regenerating, slowed, very slow
A: rugged brown scales 1, blink, carnivore 3, deformed body, deterioration 1,
evolution 1
a: Blink, Berserk, Trog's Hand, Brothers in Arms, Burn Spellbooks, Renounce
Religion


You were on level 6 of the Lair of Beasts.
You worshipped Trog.
Trog was extremely pleased with you.
You were very full.

You visited 4 branches of the dungeon, and saw 20 of its levels.
You also visited: Volcano.

You collected 2105 gold pieces.
You spent 1272 gold pieces at shops.

Inventory:

Hand Weapons
 z - the +4 Vampire's Tooth (weapon) {vamp}
   (You found it on level 5 of the Dungeon)

   It inflicts no extra harm, but heals its wielder when it wounds a living foe.
 F - a +2 quick blade of flaming
 J - the +6 dagger of Campokk {antimagic, rF+}
   (Trog gifted it to you on level 1 of the Orcish Mines)

   It reduces the magical energy of the wielder, and disrupts the spells and
   magical abilities of those hit.
   Natural abilities and divine invocations are not affected.
   It protects you from fire.
 K - a +2 arbalest of flaming
 Q - the +9 rapier of the Wolf {pierce, rElec Str+5 Dex+4 Stlth-}
   (Trog gifted it to you on level 2 of the Orcish Mines)

   It inflicts extra damage upon your enemies.
   It affects your strength (+5).
   It affects your dexterity (+4).
   It insulates you from electricity.
   It makes you less stealthy.
Missiles
 M - 540 bolts
Armour
 b - a +0 helmet (worn)
 l - a +1 pair of boots (worn)
 x - a +0 cloak (worn)
 L - a +4 ring mail of fire resistance (worn)
 P - a +1 pair of gloves (worn)
 V - the +1 robe "Qugaheb" {rElec rC++ MR- SInv}
   (You bought it in a shop on level 2 of the Orcish Mines)

   It greatly protects you from cold.
   It insulates you from electricity.
   It affects your resistance to hostile enchantments.
   It lets you see invisible.
Jewellery
 a - an uncursed ring of flight
 w - a ring of poison resistance (right hand)
 N - an amulet of guardian spirit (around neck)
 U - the ring "Saot" (left hand) {Ice MR+ Str+5 Dex+4}
   (You bought it in a shop on level 2 of the Orcish Mines)

   [ring of ice]

   It enhances your ice magic.
   It affects your strength (+5).
   It affects your dexterity (+4).
   It makes you vulnerable to fire.
   It protects you from cold.
   It affects your resistance to hostile enchantments.
Wands
 e - a wand of acid (5/15)
 k - a wand of acid (7/15)
 s - a wand of paralysis (7/24)
 t - a wand of iceblast (5/15)
 y - a wand of scattershot (5/9)
 B - a wand of enslavement (9/24)
 E - a wand of flame (33/48)
 G - a wand of lightning (10/15)
 I - a wand of flame (4/48)
 R - a wand of confusion (19/48)
Scrolls
 g - 15 scrolls of teleportation
 h - a scroll of recharging
 i - a scroll of torment
 n - 7 scrolls of identify
 q - 3 scrolls of blinking
 r - 7 scrolls of remove curse
 A - 3 scrolls of fog
 S - a scroll of fear
 T - a scroll of summoning
Potions
 f - 6 potions of haste
 j - 6 potions of cancellation
 m - 7 potions of curing
 o - 6 potions of heal wounds
 p - 4 potions of resistance
 u - 4 potions of might
 v - a potion of lignification
 H - a potion of invisibility
Miscellaneous
 O - a lightning rod (4/4)
Comestibles
 c - 18 meat rations
 d - 7 royal jellies
 C - 5 chunks of flesh


   Skills:
 + Level 11.3 Fighting
 - Level 10.6 Short Blades
 * Level 10.8 Crossbows
 + Level 5.7 Armour
 + Level 12.6 Dodging
 * Level 18.6 Stealth
 * Level 11.5 Evocations


You had 14 spell levels left.
You didn't know any spells.

Dungeon Overview and Level Annotations

Branches:
Dungeon (11/15)            Temple (1/1) D:4            Lair (6/6) D:9
  Swamp (0/4) Lair:2        Snake (0/4) Lair:3        Slime (0/5) Lair:6
    Orc (2/2) D:9             Elf (0/3) Orc:2

Altars:
Ashenzari
Cheibriados
Dithmenos
Elyvilon
Fedhas
Gozag
Hepliaklqana
Kikubaaqudgha
Makhleb
Nemelex Xobeh
Okawaru
Qazlal
Ru
Sif Muna
Trog
Uskayaw
Vehumet
Xom
Yredelemnul
Zin
The Shining One
Lugonu

Shops:
Orc:2 *=?=

Annotations:
D:5 2 transporters
D:8 exclusion: oklob plant
Lair:2 exclusion: oklob plant
Lair:6 exclusion: death yak


Innate Abilities, Weirdness & Mutations

You are small and have problems with some larger weapons.
You are carnivorous and can eat meat at any time.
You are partially covered in rugged brown scales. (AC +1, +3% HP)
You can translocate small distances at will.
Armour fits poorly on your strangely shaped body.
Your body sometimes deteriorates upon taking damage.
You evolve.


Message History

You hear a distant "Zot"!
The fire dragon bites you. The fire dragon completely misses you.
The fire dragon barely misses you.
You hit the fire dragon.
The fire dragon is almost dead.
The fire dragon misses you. The fire dragon claws you.
The fire dragon barely misses you.
You hear a distant "Zot"!
You closely miss the fire dragon.
The fire dragon is almost dead.
The fire dragon closely misses you.
The fire dragon claws you but does no damage.
The fire dragon tramples you.
You hold your ground!
You hit the fire dragon but do no damage.
The fire dragon is almost dead.
You feel sick.
You are no longer poisoned.
The fire dragon breathes flames at you. The blast of flame hits you!
You die...

## ♣♣.♣..≈♣
.≈≈≈. ##
♣♣..≈≈♣♣
.≈≈.♣♣♣ .#
♣...≈≈♣♣
.≈≈≈≈.♣ .#
♣♣..≈≈≈♣♣
≈≈≈≈.. .#
♣♣..P≈≈♣♣
≈≈..♣ .#
♣♣♣...≈♣♣.≈..♣
.# ♣♣.≈≈≈≈≈P♣
.# ♣.♣≈≈†D.♣
.# ♣♣♣.≈@.♣♣
## ♣♣♣♣♣♣


You could see a fire dragon.

Vanquished Creatures
  An orc warlord (Orc:1)
  An ettin (Orc:2)
  Snorg (Lair:3)
  The ghost of p0werm0de the Fighter, a journeyman MiBe of Trog (D:11)
  4 hydras
  2 centaur warriors (Orc:2)
  Erica (Lair:1)
  3 two-headed ogres
  An alligator (Lair:2)
  An orc high priest (Orc:2)
  A sun demon (Volcano)
  Nergalle (Lair:2)
  A hell knight (Volcano)
  2 unseen horrors (D:11)
  A swamp dragon (Lair:6)
  A lindwurm (Lair:5)
  A necromancer (Lair:3)
  3 orc knights (Orc:2)
  2 cyclopes (D:11)
  2 orc sorcerers
  8 elephants
  4 black mambas
  2 gargoyles
  A torpor snail (Lair:4)
  12 spiny frogs
  5 rime drakes
  11 komodo dragons
  7 trolls
  A hornet (Lair:1)
  Grinder (D:6)
  16 blink frogs
  A raiju (Lair:6)
  4 hippogriffs
  32 yaks
  Eustachio (D:4)
  2 hungry ghosts
  2 basilisks
  A steam dragon (Lair:6)
  3 nagas (Lair:3)
  Menkaure (D:5)
  5 swamp worms (Lair:1)
  7 wargs
  2 acid dragons (Lair:6)
  7 hell hounds
  8 water moccasins
  5 porcupines
  37 orc warriors
  2 black bears (Lair:6)
  A hornet zombie (D:5)
  4 sky beasts
  An eye of draining (D:11)
  2 elephant zombies (Lair:3)
  15 wolves
  A phantom (D:9)
  12 centaurs
  11 ogres
  13 crocodiles
  A big kobold (D:7)
  Blork the orc (D:6)
  13 bullfrogs
  3 scorpions
  15 wights
  8 howler monkeys
  2 vampire bats (D:5)
  4 electric eels
  A centaur zombie (D:5)
  3 crimson imps
  A quasit (D:5)
  7 hounds
  A basilisk zombie (Lair:3)
  A gnoll shaman (D:7)
  Crazy Yiuf (D:6)
  3 centaur skeletons
  15 orc priests
  2 jellies
  An iron imp (D:5)
  26 orc wizards
  A bullfrog skeleton (D:11)
  3 iguanas
  9 worker ants
  A killer bee zombie (D:7)
  A crocodile zombie (Lair:3)
  A hound skeleton (D:10)
  A worker ant zombie (D:6)
  16 adders
  10 gnolls
  2 shadow imps
  An ooze (D:5)
  17 worms
  5 leopard geckos
  93 orcs
  9 bats
  7 giant cockroaches
  5 goblins
  6 hobgoblins
  10 jackals
  4 quokkas
  2 ball pythons
  8 frilled lizards
  A jackal skeleton (D:8)
  8 kobolds
  2 quokka zombies
  5 rats
  A plant (Lair:1)
617 creatures vanquished.

Vanquished Creatures (collateral kills)
  A hydra (Lair:1)
  2 elephants (Lair:4)
  2 black mambas (Lair:4)
  A polar bear (Lair:4)
  A troll (Orc:1)
  A yak (Lair:1)
  3 orc warriors (Orc:1)
  A big kobold (D:10)
  An orc priest (Orc:1)
  An orc wizard (Orc:1)
  An orc (Orc:1)
  6 kobolds (D:10)
21 creatures vanquished.

Vanquished Creatures (others)
  An elephant (Lair:4)
  14 fungi
  31 plants
  11 toadstools (D:8)
57 creatures vanquished.

Grand Total: 695 creatures vanquished

Notes
Turn   | Place    | Note
-------+----------+-------------------------------------------
     0 | D:1      | rezek the Kobold Berserker began the quest for the Orb.
     0 | D:1      | Reached XP level 1. HP: 14/14 MP: 1/1
    74 | D:1      | Reached XP level 2. HP: 19/19 MP: 2/2
    90 | D:1      | Reached skill level 1 in Stealth
   359 | D:1      | Reached XP level 3. HP: 20/24 MP: 3/3
   629 | D:1      | Reached ** piety under Trog
   728 | D:2      | Found a burning altar of Makhleb.
   739 | D:2      | Reached skill level 2 in Stealth
   865 | D:2      | Found a glowing silver altar of Zin.
   866 | D:2      | Noticed an angel
   866 | D:2      | Noticed an Executioner
   898 | D:2      | Found a white marble altar of Elyvilon.
  1001 | D:2      | Reached XP level 4. HP: 27/29 MP: 4/4
  1042 | D:2      | Found a sacrificial altar of Ru.
  1501 | D:3      | Reached skill level 1 in Evocations
  1503 | D:3      | Reached skill level 3 in Stealth
  1616 | D:3      | Reached XP level 5. HP: 23/33 MP: 5/5
  1686 | D:3      | Found a sparkling altar of Nemelex Xobeh.
  1907 | D:3      | Found a deep blue altar of Sif Muna.
  1936 | D:3      | Found a bloodstained altar of Trog.
  2003 | D:4      | Found a staircase to the Ecumenical Temple.
  2011 | D:4      | Reached skill level 5 in Short Blades
  2014 | D:4      | Reached skill level 4 in Stealth
  2025 | Temple   | Entered the Ecumenical Temple
  2231 | D:4      | Noticed an ogre
  2236 | D:4      | Reached XP level 6. HP: 38/38 MP: 7/7
  2242 | D:4      | Killed an ogre
  2242 | D:4      | Reached skill level 5 in Stealth
  2329 | D:4      | Reached XP level 7. HP: 29/44 MP: 8/8
  2554 | D:4      | Gained mutation: You have large cloven feet. [potion of mutation]
  2554 | D:4      | Gained mutation: Your body sometimes deteriorates upon taking damage. [potion of mutation]
  2554 | D:4      | Gained mutation: You have hoof-like feet. [potion of mutation]
  2677 | D:4      | You fall through a shaft!
  2677 | D:5      | Entered Level 5 of the Dungeon
  2678 | D:5      | Found an ancient bone altar of Kikubaaqudgha.
  2699 | D:5      | Found a transporter.
  2792 | D:5      | Found a transporter.
  2823 | D:5      | Reached skill level 6 in Stealth
  3000 | D:5      | Found a snail-covered altar of Cheibriados.
  3001 | D:5      | Noticed Eustachio
  3004 | D:5      | Noticed Menkaure
  3414 | D:5      | Reached *** piety under Trog
  3463 | D:5      | Reached XP level 8. HP: 25/48 MP: 10/10
  3624 | D:4      | Killed Eustachio
  3624 | D:4      | Reached skill level 7 in Stealth
  3667 | D:5      | Found an iron altar of Okawaru.
  4043 | D:5      | Killed Menkaure
  4043 | D:5      | Reached skill level 5 in Fighting
  4115 | D:5      | Received a gift from Trog
  4226 | D:6      | Noticed Blork the orc
  4265 | D:5      | Reached skill level 8 in Stealth
  4419 | D:5      | Reached XP level 9. HP: 54/54 MP: 12/12
  4446 | D:5      | Reached skill level 5 in Dodging
  4471 | D:6      | Killed Blork the orc
  4491 | D:6      | Lost mutation: You have hoof-like feet. [potion of mutation]
  4491 | D:6      | Lost mutation: Your body sometimes deteriorates upon taking damage. [potion of mutation]
  4491 | D:6      | Lost mutation: You have large cloven feet. [potion of mutation]
  4491 | D:6      | Gained mutation: You evolve. [potion of mutation]
  4491 | D:6      | Gained mutation: Your body sometimes deteriorates upon taking damage. [potion of mutation]
  4491 | D:6      | Gained mutation: You can translocate small distances at will. [potion of mutation]
  4531 | D:6      | Noticed Grinder
  4663 | D:6      | Reached skill level 1 in Crossbows
  4778 | D:6      | Found a runed door.
  4782 | D:6      | Noticed Crazy Yiuf
  4791 | D:6      | Killed Crazy Yiuf
  4932 | D:6      | Killed Grinder
  4932 | D:6      | Reached skill level 9 in Stealth
  4932 | D:6      | Reached skill level 5 in Evocations
  5073 | D:7      | Gained mutation: You possess an exceptional clarity of mind. [evolution]
  5217 | D:7      | Reached **** piety under Trog
  5464 | D:7      | Found an opulent altar of Gozag.
  5618 | D:7      | Reached XP level 10. HP: 52/60 MP: 14/14
  5711 | D:7      | Found a bloodstained altar of Trog.
  5813 | D:7      | Reached skill level 10 in Stealth
  6212 | D:8      | Found a stormy altar of Qazlal.
  6522 | D:8      | Found a blossoming altar of Fedhas.
  6539 | D:8      | Noticed an oklob plant
  6622 | D:8      | Noticed a two-headed ogre
  6625 | D:8      | Killed a two-headed ogre
  6625 | D:8      | Reached skill level 11 in Stealth
  6743 | D:8      | Reached skill level 10 in Short Blades
  7464 | D:9      | Noticed a gargoyle
  7476 | D:9      | Killed a gargoyle
  7569 | D:9      | Reached ***** piety under Trog
  7656 | D:9      | Noticed a two-headed ogre
  7660 | D:9      | Killed a two-headed ogre
  7660 | D:9      | Reached skill level 5 in Crossbows
  7660 | D:9      | Reached skill level 12 in Stealth
  7660 | D:9      | Reached XP level 11. HP: 63/66 MP: 16/16
  7795 | D:9      | Noticed a two-headed ogre
  7825 | D:9      | Killed a two-headed ogre
  7858 | D:9      | Lost mutation: You possess an exceptional clarity of mind. [evolution]
  8131 | D:9      | Found a staircase to the Lair.
  8267 | D:9      | Reached skill level 13 in Stealth
  8278 | D:9      | Found a staircase to the Orcish Mines.
  8584 | D:10     | Entered Level 10 of the Dungeon
  9492 | Lair:1   | Entered Level 1 of the Lair of Beasts
  9525 | Lair:1   | Noticed a six-headed hydra
  9689 | Lair:1   | Noticed Erica
 10030 | Lair:1   | Killed Erica
 10030 | Lair:1   | Reached skill level 14 in Stealth
 10242 | Lair:1   | Reached XP level 12. HP: 73/73 MP: 18/18
 10559 | Lair:1   | Received a gift from Trog
 11181 | Lair:1   | Killed a six-headed hydra
 11627 | Lair:1   | Reached skill level 15 in Stealth
 11646 | Lair:1   | Received a gift from Trog
 12062 | Lair:2   | Noticed an alligator
 12082 | Lair:2   | Killed an alligator
 12169 | Lair:2   | Found a staircase to the Swamp.
 13191 | Lair:2   | Noticed Nergalle
 13198 | Lair:2   | Killed Nergalle
 13198 | Lair:2   | Reached XP level 13. HP: 80/80 MP: 18/20
 13423 | Lair:3   | Noticed a four-headed hydra
 13465 | Lair:1   | Gained mutation: Armour fits poorly on your strangely shaped body. [evolution]
 13508 | Orc:1    | Entered Level 1 of the Orcish Mines
 13518 | Orc:1    | Noticed an orc warlord
 13524 | Orc:1    | Reached skill level 10 in Dodging
 13532 | Orc:1    | Killed an orc warlord
 13764 | Orc:1    | Reached skill level 16 in Stealth
 14160 | Orc:2    | Entered Level 2 of the Orcish Mines
 14190 | Orc:2    | Found a dark tunnel.
 14199 | Volcano  | Entered a volcano
 14254 | Volcano  | Received a gift from Trog
 14822 | Orc:2    | Found a staircase to the Elven Halls.
 14854 | Orc:2    | Noticed a centaur warrior
 15222 | Orc:1    | Received a gift from Trog
 15229 | Orc:1    | Reached skill level 10 in Fighting
 15240 | Orc:1    | Got an ancient dagger {god gift}
 15241 | Orc:1    | Identified the +6 dagger of Campokk {antimagic, rF+} (Trog gifted it to you on level 1 of the Orcish Mines)
 15434 | Orc:2    | Killed a centaur warrior
 15452 | Orc:2    | Noticed a centaur warrior
 15605 | Orc:2    | Noticed an ettin
 15628 | Orc:2    | Killed an ettin
 16169 | Orc:2    | Killed a centaur warrior
 16169 | Orc:2    | Reached skill level 10 in Evocations
 16594 | Orc:2    | Reached skill level 17 in Stealth
 16970 | Orc:2    | Received a gift from Trog
 16999 | Orc:2    | Got a translucent rapier {god gift}
 17028 | Orc:2    | Identified the +9 rapier of the Wolf {pierce, rElec Str+5 Dex+4 Stlth-} (Trog gifted it to you on level 2 of the Orcish Mines)
 17497 | Orc:2    | Reached XP level 14. HP: 88/88 MP: 21/21
 17892 | Orc:2    | Gained mutation: You are partially covered in rugged brown scales. (AC +1, +3% HP) [evolution]
 17928 | Orc:2    | Found Laffulac's Magic Scroll Shoppe.
 17928 | Orc:2    | Found Mafaonacw's Jewellery Shop.
 17930 | Orc:2    | Found Catres Potei's Assorted Antiques.
 17932 | Orc:2    | Found Vaffom's Jewellery Emporium.
 17936 | Orc:2    | Bought a scroll of fear for 59 gold pieces
 17936 | Orc:2    | Bought a scroll of summoning for 161 gold pieces
 17937 | Orc:2    | Bought the ring "Saot" {Ice MR+ Str+5 Dex+4} for 678 gold pieces
 17941 | Orc:2    | Bought a potion of heal wounds for 175 gold pieces
 17941 | Orc:2    | Bought a smoking robe for 199 gold pieces
 17951 | Orc:2    | Identified the +1 robe "Qugaheb" {rElec rC++ MR- SInv} (You bought it in a shop on level 2 of the Orcish Mines)
 18456 | D:11     | Noticed p0werm0de's ghost (journeyman MiBe)
 18588 | D:11     | Killed p0werm0de's ghost
 19266 | D:11     | Received a gift from Trog
 19912 | Lair:3   | Found a staircase to the Snake Pit.
 19975 | Lair:3   | Received a gift from Trog
 20654 | Lair:3   | Reached skill level 10 in Crossbows
 20673 | Lair:3   | Noticed Snorg
 20696 | Lair:3   | Killed Snorg
 21928 | Lair:4   | Reached skill level 18 in Stealth
 22103 | Lair:4   | Reached skill level 5 in Armour
 22643 | Lair:5   | Identified a scroll of acquirement
 22698 | Lair:5   | Reached XP level 15. HP: 96/96 MP: 23/23
 23189 | Lair:6   | Entered Level 6 of the Lair of Beasts
 23375 | Lair:6   | Found a staircase to the Slime Pits.
 23473 | Lair:6   | Received a gift from Trog
 24453 | Lair:6   | Killed from afar by a fire dragon

Skill      XL: |  1  2  3  4  5  6  7  8  9 10 11 12 13 14 |
---------------+-------------------------------------------+-----
Stealth        | 1 2 3 4 5 6 8 9 12 14 15 17 18 | 18.6
Evocations     | 1 2 3 4 5 7 8 9 10 11 | 11.5
Dodging        | 3 4 6 8 9 10 12 | 12.6
Fighting       | 4 5 6 8 9 10 11 | 11.3
Short Blades   | 5 6 8 9 10 | 10.6
Crossbows      | 2 5 6 8 9 10 | 10.8
Armour         | 3 5 |  5.7

Action                   |  1- 3 |  4- 6 |  7- 9 | 10-12 | 13-15 || total
-------------------------+-------+-------+-------+-------+-------++-------
Melee: Short sword       |   120 |   115 |    74 |       |       ||   309
       Dagger            |       |       |   271 |  1293 |  2547 ||  4111
       Rapier            |       |       |    47 |       |    14 ||    61
Invok: Berserk           |     4 |     5 |    16 |    25 |    38 ||    88
       Trog's Hand       |       |       |     1 |     2 |     5 ||     8
       Brothers in Arms  |       |       |       |     2 |     3 ||     5
       Burn Spellbooks   |       |       |       |       |     1 ||     1
 Abil: Blink             |       |       |       |     2 |     2 ||     4
Evoke: Wand              |       |       |       |     4 |    14 ||    18
  Use: Scroll            |       |    12 |    10 |     3 |     6 ||    31
       Potion            |       |       |     2 |       |     2 ||     4
 Stab: Sleeping          |     7 |     3 |    11 |    28 |    39 ||    88
       Distracted        |       |       |       |     4 |    13 ||    17
       Paralysed         |       |       |       |       |     1 ||     1
  Eat: Chunk             |    13 |     9 |    29 |    64 |    92 ||   207
Armor: Animal skin       |    12 |    12 |    47 |    35 |       ||   106
       Robe              |       |       |       |    23 |    13 ||    36
       Ring mail         |       |       |       |       |   345 ||   345
       Skin              |       |       |       |       |     3 ||     3
Dodge: Dodged            |    86 |    74 |   208 |   564 |  2019 ||  2951
